Wild vs Stars

Created - January 7, 2016 at 20:09

Goals
1 2 3 T
Wild 1 1 1 3
Stars 0 1 0 1
Shots
1 2 3 T
Wild 9 11 5 25
Stars 10 9 13 32

1st period

1. Wild , Peter Holland 13 (Zach Redmond, Patrik Berglund) at 5:04

Penalties :
Brandon Manning (DAL) for Fighting (Major) at 1:40, Barret Jackman (MIN) for Fighting (Major) at 1:40, Sven Baertschi (DAL) for Hooking (Minor) at 2:06, Michael Ryder (MIN) for Elbowing (Minor) at 6:37

2nd period

2. Stars , Evgeni Malkin 20 (Paul Byron, Shea Weber) at 3:53
3. Wild , Peter Holland 14 (Michael Stone, Dustin Brown) at 6:19 (PP)

Penalties :
Shea Weber (DAL) for Hooking (Minor) at 1:36, Shea Weber (DAL) for High sticking (Minor) at 5:47, Sven Baertschi (DAL) for Slashing (Minor) at 16:33

3rd period

4. Wild , Michael Ryder 8 (Alex Biega, Scott Hannan) at 19:07

Penalties :
Barret Jackman (MIN) for Hooking (Minor) at 3:24

Goalie Stats

Ryan Miller (MIN), 31 saves from 32 shots - (0.969), W, 12-16-8, 60:00 minutes
Jonathan Quick (DAL), 22 saves from 25 shots - (0.880), L, 21-17-4, 60:00 minutes

Players Stats for Wild

Player Name              G  A  P  +/- PIM S  H  SB GA TA FO     MP     PP MP  PK MP  
------------------------------------------------------------------------------------
Alex Biega               0  1  1   1  0   1  0  2  0  0  0/0     6:04   0:00   0:00 
Barret Jackman           0  0  0  -1  7   0  2  0  0  0  0/0    10:57   0:00   0:00 
Dennis Wideman           0  0  0   0  0   1  1  1  0  0  0/1    23:05   2:41   2:32 
Dustin Brown             0  1  1   1  0   1  1  0  0  0  1/1    20:44   3:51   1:01 
Fedor Tyutin             0  0  0   0  0   1  0  4  0  0  0/0    19:25   3:48   1:24 
Jack Hillen              0  0  0   1  0   0  0  0  0  0  0/0     1:45   0:00   0:00 
Jason Pominville         0  0  0   0  0   1  0  0  0  0  2/3    23:14   2:38   1:01 
Jason Spezza             0  0  0   0  0   6  0  0  0  0  13/23  25:08   2:38   2:55 
Mark Streit              0  0  0   0  0   0  1  0  0  0  0/0    23:04   2:41   2:32 
Michael Ryder            1  0  1   0  2   2  0  0  0  0  0/0    13:28   0:00   0:00 
Michael Stone            0  1  1   0  0   1  2  2  0  0  0/0    20:04   3:48   1:24 
Patrik Berglund          0  1  1   1  0   2  1  0  0  0  1/1    19:43   3:51   0:00 
Peter Holland            2  0  2   1  0   4  1  0  0  0  14/27  19:43   3:51   0:00 
R.J. Umberger            0  0  0   0  0   0  0  0  0  0  6/11   13:29   0:00   0:00 
Rene Bourque             0  0  0   0  0   1  1  0  0  0  1/1    13:29   0:00   0:00 
Scott Hannan             0  1  1   1  0   0  0  0  0  0  0/0     6:04   0:00   0:00 
Scott Hartnell           0  0  0   0  0   4  3  1  0  0  3/9    25:08   2:38   2:55 
Zach Redmond             0  1  1   0  0   0  0  1  0  0  0/0    11:27   0:00   0:00 

Players Stats for Stars

Player Name              G  A  P  +/- PIM S  H  SB GA TA FO     MP     PP MP  PK MP  
------------------------------------------------------------------------------------
Adam Pardy               0  0  0   0  0   0  0  0  0  0  0/0     0:49   0:00   0:49 
Brad Malone              0  0  0   0  0   0  0  0  0  0  0/0     2:04   0:00   0:16 
Brandon Manning          0  0  0   0  5   1  1  0  0  0  0/0    19:51   1:42   0:00 
David Backes             0  0  0  -1  0   1  2  2  0  0  14/29  24:33   1:47   3:18 
Evgeni Malkin            1  0  1   1  0   3  1  0  0  0  7/14   19:08   2:09   3:11 
John Mitchell            0  0  0   1  0   2  0  0  0  0  2/2    13:44   0:00   0:00 
Jonathan Huberdeau       0  0  0  -1  0   7  1  1  0  0  1/4    21:51   2:09   2:59 
Mark Stuart              0  0  0   0  0   0  1  0  0  0  0/0    15:59   0:00   3:40 
Nikita Kucherov          0  0  0  -1  0   2  0  0  0  0  1/2    19:27   1:47   0:00 
Olli Maatta              0  0  0  -1  0   1  0  0  0  0  0/0    20:14   2:14   2:33 
Patrik Elias             0  0  0  -1  0   2  0  1  0  0  0/1    16:23   0:00   0:00 
Paul Byron               0  1  1   1  0   2  2  0  0  0  0/0    13:44   0:00   0:00 
Rob Scuderi              0  0  0   0  0   0  0  0  0  0  0/0     3:39   0:00   0:00 
Ryan Callahan            0  0  0  -1  0   5  1  0  0  0  0/0    24:05   1:47   3:14 
Shea Weber               0  1  1  -1  4   0  4  1  0  0  0/0    22:42   2:14   1:58 
Sven Baertschi           0  0  0  -1  4   1  0  0  0  0  11/25  18:30   2:09   0:00 
Vyacheslav Voynov        0  0  0   0  0   0  0  0  0  0  0/0    12:04   0:00   0:16 
Zdeno Chara              0  0  0   0  0   5  2  0  0  0  0/0    24:39   1:42   3:42 

3 Stars

1 - Peter Holland (MIN)
2 - Ryan Miller (MIN)
3 - Evgeni Malkin (DAL)

Power Play

Wild - 1 on 4 Attempt(s) - 25.00%
Stars - 0 on 2 Attempt(s) - 0.00%

Penalty Kill

Wild - 2 on 2 Attempt(s) - 100.00% - Score 0 goal in Penalty Kill
Stars - 3 on 4 Attempt(s) - 75.00% - Score 0 goal in Penalty Kill

Team Stat

Wild - Hits : 13 - Faceoff Wins : 41 - Blocked Shots : 11 - Penalty Minutes : 9
Stars - Hits : 15 - Faceoff Wins : 36 - Blocked Shots : 5 - Penalty Minutes : 13

Official

Referees : Francois St. Laurent and Dave Jackson
Linesman : Brad Kovachik and Anthony Sericolo

Game Notes

Brandon Manning and Barret Jackman fight to a draw at 1:40 of 1st period

Finance

Level 1 -- Attendance: 5956 (99.27%) -- Ticket Income $607,512
Level 2 -- Attendance: 4521 (90.42%) -- Ticket Income $339,075
Level 3 -- Attendance: 2000 (100.00%) -- Ticket Income $110,000
Level 4 -- Attendance: 2791 (61.58%) -- Ticket Income $125,595
Luxury Box -- Attendance: 884 (88.40%) -- Ticket Income $176,800
Game was played at the American Airlines Center.
Total Attendance: 16152 (87.16%)
Total Ticket Income: $1,358,982
Other Income: $203,847
Total Income: $1,562,829

% Time on Ice - Wild

Lines # - Real PCT - Wanted PCT - Time Play
Normal Forward
1 - 39% - 40% - 19:06
2 - 32% - 30% - 15:52
3 - 27% - 20% - 13:29
4 - 2% - 10% - 1:08
Normal Defense
1 - 36% - 40% - 17:51
2 - 29% - 30% - 14:13
3 - 23% - 20% - 11:27
4 - 12% - 10% - 6:04
PP Forward
1 - 41% - 60% - 2:38
2 - 59% - 40% - 3:51
PP Defense
1 - 41% - 60% - 2:41
2 - 59% - 40% - 3:48
PK Forward
1 - 74% - 60% - 2:55
2 - 26% - 40% - 1:01
PK Defense
1 - 64% - 60% - 2:32
2 - 36% - 40% - 1:24
PK3 Forward
1 - 0% - 60%
2 - 0% - 40%
PK3 Defense
1 - 0% - 60%
2 - 0% - 40%
44 Forward
1 - 0% - 60%
2 - 0% - 40%
44 Defense
1 - 0% - 60%
2 - 0% - 40%
Last Minute Offensive  - 0:00
Last Minute Defensive  - 0:00
Total
Forward - 60:00
Defense - 60:00

% Time on Ice - Stars

Lines # - Real PCT - Wanted PCT - Time Play
Normal Forward
1 - 33% - 35% - 16:23
2 - 36% - 35% - 17:40
3 - 28% - 25% - 13:44
4 - 4% - 5% - 1:48
Normal Defense
1 - 39% - 40% - 19:15
2 - 30% - 35% - 14:53
3 - 24% - 15% - 11:48
4 - 7% - 10% - 3:39
PP Forward
1 - 55% - 50% - 2:09
2 - 45% - 50% - 1:47
PP Defense
1 - 43% - 50% - 1:42
2 - 57% - 50% - 2:14
PK Forward
1 - 51% - 50% - 3:18
2 - 49% - 50% - 3:11
PK Defense
1 - 61% - 50% - 3:56
2 - 39% - 50% - 2:33
PK3 Forward
1 - 0% - 50%
2 - 0% - 50%
PK3 Defense
1 - 0% - 50%
2 - 0% - 50%
44 Forward
1 - 0% - 50%
2 - 0% - 50%
44 Defense
1 - 0% - 50%
2 - 0% - 50%
Last Minute Offensive  - 0:00
Last Minute Defensive  - 0:00
Total
Forward - 60:00
Defense - 60:00

Play by Play

1st period


0:01 of 1st period - Sven Baertschi wins face-off versus Jason Spezza in neutral zone.
0:21 of 1st period - Shot by Jonathan Huberdeau.
0:21 of 1st period - Shot Blocked by Dennis Wideman.
0:23 of 1st period - Shot by Patrik Elias.
0:23 of 1st period - Stopped by Ryan Miller without a rebound.
0:24 of 1st period - David Backes wins face-off versus Peter Holland in Wild zone.
0:49 of 1st period - Shot by David Backes.
0:49 of 1st period - Shot Blocked by Fedor Tyutin.
1:29 of 1st period - Icing by Zach Redmond.
1:30 of 1st period - John Mitchell wins face-off versus R.J. Umberger in Wild zone.
1:40 of 1st period - Brandon Manning and Barret Jackman fight to a draw.
1:40 of 1st period - Penalty to Brandon Manning for Fighting.
1:40 of 1st period - Penalty to Barret Jackman for Fighting.
1:41 of 1st period - Jason Spezza wins face-off versus Sven Baertschi in Wild zone.
2:06 of 1st period - Minor Penalty to Sven Baertschi for Hooking.
2:07 of 1st period - Peter Holland wins face-off versus Evgeni Malkin in Stars zone.
2:14 of 1st period - Shot by Fedor Tyutin.
2:14 of 1st period - Stopped by Jonathan Quick without a rebound.
2:15 of 1st period - Peter Holland wins face-off versus Jonathan Huberdeau in Stars zone.
3:21 of 1st period - Shot by Jason Spezza.
3:21 of 1st period - Shot Misses the Net.
4:26 of 1st period - Shot by R.J. Umberger.
4:26 of 1st period - Deflect By Rene Bourque.
4:26 of 1st period - Shot Misses the Net.
4:28 of 1st period - Shot by R.J. Umberger.
4:28 of 1st period - Shot Misses the Net.
4:33 of 1st period - Michael Ryder is hit by Mark Stuart and loses puck.
4:36 of 1st period - Shot by Rene Bourque.
4:36 of 1st period - Stopped by Jonathan Quick without a rebound.
4:37 of 1st period - Sven Baertschi wins face-off versus Peter Holland in Stars zone.
4:48 of 1st period - Shot by Peter Holland.
4:48 of 1st period - Stopped by Jonathan Quick with a rebound.
4:50 of 1st period - Shot by Dustin Brown.
4:50 of 1st period - Shot Misses the Net.
5:04 of 1st period - Shot by Peter Holland.
5:04 of 1st period - Goal by Peter Holland - Wild : 1 - Stars : 0.
5:05 of 1st period - David Backes wins face-off versus R.J. Umberger in neutral zone.
5:12 of 1st period - Shot by Ryan Callahan.
5:12 of 1st period - Stopped by Ryan Miller without a rebound.
5:13 of 1st period - David Backes wins face-off versus Jason Pominville in Wild zone.
5:36 of 1st period - Shot by Scott Hartnell.
5:36 of 1st period - Stopped by Jonathan Quick with a rebound.
5:46 of 1st period - Shot by Jason Pominville.
5:46 of 1st period - Stopped by Jonathan Quick without a rebound.
5:47 of 1st period - Sven Baertschi wins face-off versus Peter Holland in Stars zone.
6:14 of 1st period - Shot by Jonathan Huberdeau.
6:14 of 1st period - Shot Misses the Net.
6:37 of 1st period - Minor Penalty to Michael Ryder for Elbowing.
6:38 of 1st period - Evgeni Malkin wins face-off versus Jason Spezza in Wild zone.
6:49 of 1st period - Shot by David Backes.
6:49 of 1st period - Shot Hit the Post.
7:01 of 1st period - Shot by Zdeno Chara.
7:01 of 1st period - Stopped by Ryan Miller without a rebound.
7:02 of 1st period - Scott Hartnell wins face-off versus David Backes in Wild zone.
7:25 of 1st period - Shot by Shea Weber.
7:25 of 1st period - Shot Blocked by Michael Stone.
7:45 of 1st period - Icing by Shea Weber.
7:46 of 1st period - David Backes wins face-off versus Scott Hartnell in Stars zone.
7:51 of 1st period - Shot by Jason Spezza.
7:51 of 1st period - Stopped by Jonathan Quick without a rebound.
7:52 of 1st period - Jason Pominville wins face-off versus Sven Baertschi in Stars zone.
8:01 of 1st period - Scott Hartnell is hit by Evgeni Malkin and loses puck.
9:19 of 1st period - Rene Bourque is hit by Ryan Callahan and loses puck.
9:42 of 1st period - Shot by Evgeni Malkin.
9:42 of 1st period - Shot Hit the Post.
9:44 of 1st period - Shot by Mark Stuart.
9:44 of 1st period - Shot Misses the Net.
10:19 of 1st period - Jonathan Huberdeau is hit by Peter Holland and loses puck.
10:36 of 1st period - Shot by Patrik Elias.
10:36 of 1st period - Stopped by Ryan Miller without a rebound.
10:37 of 1st period - Jason Spezza wins face-off versus David Backes in Wild zone.
10:46 of 1st period - Shot by Jason Pominville.
10:46 of 1st period - Shot Misses the Net.
10:48 of 1st period - Shot by Scott Hartnell.
10:48 of 1st period - Stopped by Jonathan Quick without a rebound.
10:49 of 1st period - Jason Spezza wins face-off versus Sven Baertschi in Stars zone.
11:17 of 1st period - Shot by Jason Spezza.
11:17 of 1st period - Shot Blocked by Patrik Elias.
11:19 of 1st period - Shot by Alex Biega.
11:19 of 1st period - Stopped by Jonathan Quick without a rebound.
11:20 of 1st period - R.J. Umberger wins face-off versus Nikita Kucherov in Stars zone.
11:28 of 1st period - Ryan Callahan is hit by Rene Bourque.
13:44 of 1st period - Shot by Jonathan Huberdeau.
13:44 of 1st period - Shot Misses the Net.
13:53 of 1st period - Icing by Dennis Wideman.
13:54 of 1st period - Jason Spezza wins face-off versus David Backes in Wild zone.
13:56 of 1st period - Icing by Mark Streit.
13:57 of 1st period - Nikita Kucherov wins face-off versus Jason Spezza in Wild zone.
14:09 of 1st period - Shot by Nikita Kucherov.
14:09 of 1st period - Shot Misses the Net.
14:13 of 1st period - Shot by Ryan Callahan.
14:13 of 1st period - Shot Misses the Net.
14:15 of 1st period - Shot by Brandon Manning.
14:15 of 1st period - Stopped by Ryan Miller without a rebound.
14:16 of 1st period - Dustin Brown wins face-off versus Evgeni Malkin in Wild zone.
14:42 of 1st period - Shot by Olli Maatta.
14:42 of 1st period - Stopped by Ryan Miller without a rebound.
14:43 of 1st period - R.J. Umberger wins face-off versus David Backes in Wild zone.
15:36 of 1st period - Icing by Nikita Kucherov.
15:37 of 1st period - David Backes wins face-off versus Peter Holland in Stars zone.
16:13 of 1st period - Icing by Olli Maatta.
16:14 of 1st period - Jason Spezza wins face-off versus Sven Baertschi in Stars zone.
16:53 of 1st period - Shot by Paul Byron.
16:53 of 1st period - Shot Hit the Post.
17:22 of 1st period - Shot by John Mitchell.
17:22 of 1st period - Stopped by Ryan Miller without a rebound.
17:23 of 1st period - Peter Holland wins face-off versus David Backes in Wild zone.
17:41 of 1st period - Shot by Ryan Callahan.
17:41 of 1st period - Shot Blocked by Fedor Tyutin.
17:43 of 1st period - Shot by David Backes.
17:43 of 1st period - Shot Misses the Net.
17:45 of 1st period - Shot by Nikita Kucherov.
17:45 of 1st period - Shot Misses the Net.
17:47 of 1st period - Shot by Zdeno Chara.
17:47 of 1st period - Shot Misses the Net.
17:49 of 1st period - Shot by Ryan Callahan.
17:49 of 1st period - Deflect By Nikita Kucherov.
17:49 of 1st period - Shot Blocked by Fedor Tyutin.
17:51 of 1st period - Shot by Zdeno Chara.
17:51 of 1st period - Stopped by Ryan Miller without a rebound.
17:52 of 1st period - R.J. Umberger wins face-off versus Sven Baertschi in Wild zone.
18:06 of 1st period - Icing by Jonathan Huberdeau.
18:07 of 1st period - Jason Spezza wins face-off versus Sven Baertschi in Stars zone.
18:08 of 1st period - Shot by Jason Pominville.
18:08 of 1st period - Deflect By Jason Spezza.
18:08 of 1st period - Shot Misses the Net.
19:23 of 1st period - Shot by Zdeno Chara.
19:23 of 1st period - Stopped by Ryan Miller with a rebound.
19:25 of 1st period - Shot by David Backes.
19:25 of 1st period - Shot Misses the Net.
19:27 of 1st period - Shot by Zdeno Chara.
19:27 of 1st period - Shot Blocked by Alex Biega.
19:29 of 1st period - Shot by Zdeno Chara.
19:29 of 1st period - Stopped by Ryan Miller without a rebound.
19:30 of 1st period - Evgeni Malkin wins face-off versus Peter Holland in Wild zone.
Goals for this period are 1 for Wild vs 0 for Stars.
Shots for this period are 9 for Wild vs 10 for Stars.

2nd period


0:01 of 2nd period - David Backes wins face-off versus Scott Hartnell in neutral zone.
0:22 of 2nd period - Shot by Ryan Callahan.
0:22 of 2nd period - Stopped by Ryan Miller without a rebound.
0:23 of 2nd period - Sven Baertschi wins face-off versus Peter Holland in Wild zone.
0:32 of 2nd period - Shot by Jonathan Huberdeau.
0:32 of 2nd period - Shot Misses the Net.
1:05 of 2nd period - Icing by Patrik Elias.
1:06 of 2nd period - Jason Spezza wins face-off versus Sven Baertschi in Stars zone.
1:06 of 2nd period - Dennis Wideman is hit by Shea Weber and loses puck.
1:33 of 2nd period - Shot by Jason Spezza.
1:33 of 2nd period - Stopped by Jonathan Quick with a rebound.
1:35 of 2nd period - Shot by Dennis Wideman.
1:35 of 2nd period - Deflect By Jason Spezza.
1:35 of 2nd period - Shot Blocked by Shea Weber.
1:36 of 2nd period - Minor Penalty to Shea Weber for Hooking.
1:37 of 2nd period - Evgeni Malkin wins face-off versus Peter Holland in Stars zone.
2:01 of 2nd period - Icing by Patrik Berglund.
2:02 of 2nd period - Patrik Berglund wins face-off versus Evgeni Malkin in Wild zone.
3:10 of 2nd period - Ryan Callahan is hit by Scott Hartnell and loses puck.
3:53 of 2nd period - Shot by Evgeni Malkin.
3:53 of 2nd period - Goal by Evgeni Malkin - Wild : 1 - Stars : 1.
3:54 of 2nd period - R.J. Umberger wins face-off versus Sven Baertschi in neutral zone.
4:03 of 2nd period - Shot by Jonathan Huberdeau.
4:03 of 2nd period - Stopped by Ryan Miller with a rebound.
4:11 of 2nd period - Icing by Patrik Elias.
4:12 of 2nd period - Sven Baertschi wins face-off versus Peter Holland in Stars zone.
4:12 of 2nd period - Sven Baertschi is hit by Dustin Brown.
4:46 of 2nd period - Shot by Michael Stone.
4:46 of 2nd period - Shot Blocked by Jonathan Huberdeau.
4:48 of 2nd period - Shot by Michael Stone.
4:48 of 2nd period - Shot Misses the Net.
4:50 of 2nd period - Shot by Michael Stone.
4:50 of 2nd period - Stopped by Jonathan Quick without a rebound.
4:51 of 2nd period - David Backes wins face-off versus Jason Spezza in Stars zone.
5:37 of 2nd period - Jason Pominville is hit by Shea Weber and loses puck.
5:45 of 2nd period - Icing by Shea Weber.
5:46 of 2nd period - Peter Holland wins face-off versus David Backes in Stars zone.
5:46 of 2nd period - Peter Holland is hit by Shea Weber.
5:47 of 2nd period - Minor Penalty to Shea Weber for High sticking.
5:48 of 2nd period - Peter Holland wins face-off versus Evgeni Malkin in Stars zone.
5:51 of 2nd period - Shot by Peter Holland.
5:51 of 2nd period - Stopped by Jonathan Quick without a rebound.
5:52 of 2nd period - Jonathan Huberdeau wins face-off versus Peter Holland in Stars zone.
6:15 of 2nd period - Shot by Dustin Brown.
6:15 of 2nd period - Shot Misses the Net.
6:17 of 2nd period - Shot by Michael Stone.
6:17 of 2nd period - Shot Misses the Net.
6:19 of 2nd period - Shot by Peter Holland.
6:19 of 2nd period - Goal by Peter Holland - Wild : 2 - Stars : 1.
6:20 of 2nd period - Evgeni Malkin wins face-off versus Jason Spezza in neutral zone.
6:27 of 2nd period - Shot by Evgeni Malkin.
6:27 of 2nd period - Shot Misses the Net.
6:38 of 2nd period - Icing by Mark Streit.
6:39 of 2nd period - Jason Spezza wins face-off versus Sven Baertschi in Wild zone.
7:07 of 2nd period - Scott Hartnell is hit by Brandon Manning and loses puck.
7:15 of 2nd period - Icing by Zdeno Chara.
7:16 of 2nd period - Peter Holland wins face-off versus Sven Baertschi in Stars zone.
7:24 of 2nd period - Peter Holland is hit by Zdeno Chara and loses puck.
7:57 of 2nd period - Shot by Patrik Berglund.
7:57 of 2nd period - Stopped by Jonathan Quick without a rebound.
7:58 of 2nd period - Rene Bourque wins face-off versus David Backes in Stars zone.
8:15 of 2nd period - Shot by Ryan Callahan.
8:15 of 2nd period - Deflect By Nikita Kucherov.
8:15 of 2nd period - Stopped by Ryan Miller without a rebound.
8:16 of 2nd period - Evgeni Malkin wins face-off versus Jason Spezza in Wild zone.
8:23 of 2nd period - Scott Hartnell is hit by Paul Byron and loses puck.
9:36 of 2nd period - Shot by Ryan Callahan.
9:36 of 2nd period - Stopped by Ryan Miller with a rebound.
10:43 of 2nd period - Brandon Manning is hit by Michael Stone and loses puck.
11:39 of 2nd period - Shot by Evgeni Malkin.
11:39 of 2nd period - Shot Blocked by Alex Biega.
11:47 of 2nd period - Shot by Evgeni Malkin.
11:47 of 2nd period - Shot Misses the Net.
11:49 of 2nd period - Shot by Paul Byron.
11:49 of 2nd period - Stopped by Ryan Miller without a rebound.
11:50 of 2nd period - Evgeni Malkin wins face-off versus Peter Holland in Wild zone.
13:11 of 2nd period - Shot by Rene Bourque.
13:11 of 2nd period - Deflect By Michael Ryder.
13:11 of 2nd period - Stopped by Jonathan Quick without a rebound.
13:12 of 2nd period - Sven Baertschi wins face-off versus Jason Spezza in Stars zone.
13:21 of 2nd period - Shot by Jonathan Huberdeau.
13:21 of 2nd period - Stopped by Ryan Miller without a rebound.
13:22 of 2nd period - Jason Spezza wins face-off versus David Backes in Wild zone.
13:43 of 2nd period - Shot by Scott Hartnell.
13:43 of 2nd period - Stopped by Jonathan Quick with a rebound.
14:10 of 2nd period - Icing by Brandon Manning.
14:11 of 2nd period - Peter Holland wins face-off versus David Backes in Stars zone.
14:12 of 2nd period - Shot by Dennis Wideman.
14:12 of 2nd period - Shot Misses the Net.
14:20 of 2nd period - Shot by Patrik Berglund.
14:20 of 2nd period - Stopped by Jonathan Quick without a rebound.
14:21 of 2nd period - R.J. Umberger wins face-off versus Evgeni Malkin in Stars zone.
14:45 of 2nd period - Off-side.
14:46 of 2nd period - Peter Holland wins face-off versus Patrik Elias in neutral zone.
14:59 of 2nd period - Shot by Peter Holland.
14:59 of 2nd period - Deflect By Patrik Berglund.
14:59 of 2nd period - Shot Misses the Net.
15:04 of 2nd period - Jonathan Huberdeau is hit by Patrik Berglund and loses puck.
15:12 of 2nd period - Jonathan Huberdeau is hit by Barret Jackman and loses puck.
15:16 of 2nd period - Sven Baertschi is hit by Barret Jackman and loses puck.
15:23 of 2nd period - Shot by Jonathan Huberdeau.
15:23 of 2nd period - Stopped by Ryan Miller without a rebound.
15:24 of 2nd period - Jason Spezza wins face-off versus Evgeni Malkin in Wild zone.
15:36 of 2nd period - Evgeni Malkin is hit by Mark Streit and loses puck.
16:31 of 2nd period - Shot by Ryan Callahan.
16:31 of 2nd period - Stopped by Ryan Miller without a rebound.
16:32 of 2nd period - Peter Holland wins face-off versus Sven Baertschi in Wild zone.
16:32 of 2nd period - Peter Holland is hit by Jonathan Huberdeau.
16:33 of 2nd period - Minor Penalty to Sven Baertschi for Slashing.
16:34 of 2nd period - Peter Holland wins face-off versus Jonathan Huberdeau in Stars zone.
17:15 of 2nd period - Shot by Michael Stone.
17:15 of 2nd period - Shot Misses the Net.
17:17 of 2nd period - Shot by Fedor Tyutin.
17:17 of 2nd period - Deflect By Dustin Brown.
17:17 of 2nd period - Stopped by Jonathan Quick without a rebound.
17:18 of 2nd period - Jason Spezza wins face-off versus Evgeni Malkin in Stars zone.
17:31 of 2nd period - Shot by Mark Streit.
17:31 of 2nd period - Shot Misses the Net.
17:47 of 2nd period - Shot by Dennis Wideman.
17:47 of 2nd period - Shot Misses the Net.
18:01 of 2nd period - Shot by Dennis Wideman.
18:01 of 2nd period - Stopped by Jonathan Quick without a rebound.
18:02 of 2nd period - Peter Holland wins face-off versus Jonathan Huberdeau in Stars zone.
18:49 of 2nd period - Shot by Evgeni Malkin.
18:49 of 2nd period - Shot Blocked by Zach Redmond.
19:47 of 2nd period - David Backes is hit by Dennis Wideman.
19:52 of 2nd period - Mark Streit is hit by Shea Weber and loses puck.
19:59 of 2nd period - Shot by Jason Spezza.
19:59 of 2nd period - Stopped by Jonathan Quick without a rebound.
Goals for this period are 1 for Wild vs 1 for Stars.
Shots for this period are 11 for Wild vs 9 for Stars.

3rd period


0:01 of 3rd period - Jason Spezza wins face-off versus David Backes in neutral zone.
0:13 of 3rd period - Off-side.
0:14 of 3rd period - Peter Holland wins face-off versus Sven Baertschi in neutral zone.
0:27 of 3rd period - Shot by Jonathan Huberdeau.
0:27 of 3rd period - Stopped by Ryan Miller without a rebound.
0:28 of 3rd period - David Backes wins face-off versus Scott Hartnell in Wild zone.
0:41 of 3rd period - Brandon Manning is hit by Scott Hartnell and loses puck.
1:01 of 3rd period - Shot by Jason Spezza.
1:01 of 3rd period - Stopped by Jonathan Quick without a rebound.
1:02 of 3rd period - Sven Baertschi wins face-off versus Peter Holland in Stars zone.
1:14 of 3rd period - Shot by Jonathan Huberdeau.
1:14 of 3rd period - Stopped by Ryan Miller without a rebound.
1:15 of 3rd period - Evgeni Malkin wins face-off versus R.J. Umberger in Wild zone.
2:13 of 3rd period - Shot by Jason Pominville.
2:13 of 3rd period - Deflect By Jason Spezza.
2:13 of 3rd period - Stopped by Jonathan Quick without a rebound.
2:14 of 3rd period - David Backes wins face-off versus Peter Holland in Stars zone.
2:24 of 3rd period - Zdeno Chara is hit by Michael Stone and loses puck.
2:41 of 3rd period - Shot by Patrik Berglund.
2:41 of 3rd period - Shot Blocked by David Backes.
2:57 of 3rd period - Shot by Peter Holland.
2:57 of 3rd period - Shot Misses the Net.
3:00 of 3rd period - Icing by Ryan Callahan.
3:01 of 3rd period - Jason Spezza wins face-off versus David Backes in Stars zone.
3:01 of 3rd period - Dennis Wideman is hit by Zdeno Chara and loses puck.
3:13 of 3rd period - Icing by Zdeno Chara.
3:14 of 3rd period - R.J. Umberger wins face-off versus David Backes in Stars zone.
3:24 of 3rd period - Minor Penalty to Barret Jackman for Hooking.
3:25 of 3rd period - Scott Hartnell wins face-off versus Sven Baertschi in Wild zone.
3:38 of 3rd period - Shot by Evgeni Malkin.
3:38 of 3rd period - Stopped by Ryan Miller without a rebound.
3:39 of 3rd period - Sven Baertschi wins face-off versus Scott Hartnell in Wild zone.
3:40 of 3rd period - Shot by Evgeni Malkin.
3:40 of 3rd period - Shot Blocked by Scott Hartnell.
3:42 of 3rd period - Shot by Evgeni Malkin.
3:42 of 3rd period - Stopped by Ryan Miller without a rebound.
3:43 of 3rd period - Sven Baertschi wins face-off versus Scott Hartnell in Wild zone.
4:25 of 3rd period - Shot by Jonathan Huberdeau.
4:25 of 3rd period - Stopped by Ryan Miller without a rebound.
4:26 of 3rd period - David Backes wins face-off versus Scott Hartnell in Wild zone.
4:29 of 3rd period - Shot by Nikita Kucherov.
4:29 of 3rd period - Shot Misses the Net.
5:00 of 3rd period - Shot by Ryan Callahan.
5:00 of 3rd period - Stopped by Ryan Miller without a rebound.
5:01 of 3rd period - Jason Pominville wins face-off versus Sven Baertschi in Wild zone.
5:28 of 3rd period - Shot by Paul Byron.
5:28 of 3rd period - Shot Misses the Net.
7:07 of 3rd period - Shot by Jonathan Huberdeau.
7:07 of 3rd period - Stopped by Ryan Miller without a rebound.
7:08 of 3rd period - Sven Baertschi wins face-off versus Jason Spezza in Wild zone.
8:33 of 3rd period - Shot by John Mitchell.
8:33 of 3rd period - Shot Misses the Net.
8:35 of 3rd period - Shot by John Mitchell.
8:35 of 3rd period - Stopped by Ryan Miller with a rebound.
9:04 of 3rd period - Shot by David Backes.
9:04 of 3rd period - Shot Misses the Net.
9:06 of 3rd period - Shot by Zdeno Chara.
9:06 of 3rd period - Stopped by Ryan Miller without a rebound.
9:07 of 3rd period - Sven Baertschi wins face-off versus Peter Holland in Wild zone.
9:18 of 3rd period - Shot by Jonathan Huberdeau.
9:18 of 3rd period - Shot Blocked by Michael Stone.
9:20 of 3rd period - Shot by Shea Weber.
9:20 of 3rd period - Shot Blocked by Fedor Tyutin.
9:22 of 3rd period - Shot by Sven Baertschi.
9:22 of 3rd period - Stopped by Ryan Miller without a rebound.
9:23 of 3rd period - Peter Holland wins face-off versus David Backes in Wild zone.
9:34 of 3rd period - Icing by Brandon Manning.
9:35 of 3rd period - Scott Hartnell wins face-off versus David Backes in Stars zone.
9:57 of 3rd period - Shot by Nikita Kucherov.
9:57 of 3rd period - Shot Misses the Net.
10:11 of 3rd period - Shot by Jason Pominville.
10:11 of 3rd period - Shot Misses the Net.
10:28 of 3rd period - Icing by Zdeno Chara.
10:29 of 3rd period - Peter Holland wins face-off versus David Backes in Stars zone.
10:45 of 3rd period - Fedor Tyutin is hit by David Backes and loses puck.
12:47 of 3rd period - Shot by Scott Hartnell.
12:47 of 3rd period - Stopped by Jonathan Quick without a rebound.
12:48 of 3rd period - David Backes wins face-off versus R.J. Umberger in Stars zone.
13:52 of 3rd period - Shot by Jonathan Huberdeau.
13:52 of 3rd period - Deflect By Sven Baertschi.
13:52 of 3rd period - Shot Hit the Post.
15:28 of 3rd period - Icing by Scott Hannan.
15:29 of 3rd period - David Backes wins face-off versus Dennis Wideman in Wild zone.
15:30 of 3rd period - Shot by Ryan Callahan.
15:30 of 3rd period - Deflect By Nikita Kucherov.
15:30 of 3rd period - Stopped by Ryan Miller with a rebound.
15:35 of 3rd period - Alex Biega is hit by David Backes and loses puck.
15:52 of 3rd period - Shot by David Backes.
15:52 of 3rd period - Stopped by Ryan Miller with a rebound.
16:13 of 3rd period - Olli Maatta is hit by Scott Hartnell and loses puck.
17:02 of 3rd period - Shot by R.J. Umberger.
17:02 of 3rd period - Shot Misses the Net.
17:08 of 3rd period - Shot by R.J. Umberger.
17:08 of 3rd period - Shot Misses the Net.
17:49 of 3rd period - Shot by Jason Spezza.
17:49 of 3rd period - Stopped by Jonathan Quick with a rebound.
17:53 of 3rd period - Shot by Jason Spezza.
17:53 of 3rd period - Shot Misses the Net.
18:35 of 3rd period - Shot by Paul Byron.
18:35 of 3rd period - Stopped by Ryan Miller without a rebound.
18:36 of 3rd period - David Backes wins face-off versus R.J. Umberger in Wild zone.
18:37 of 3rd period - Shot by Ryan Callahan.
18:37 of 3rd period - Shot Misses the Net.
19:05 of 3rd period - Shot by Alex Biega.
19:05 of 3rd period - Deflect By Michael Ryder.
19:05 of 3rd period - Shot Blocked by David Backes.
19:07 of 3rd period - Shot by Michael Ryder.
19:07 of 3rd period - Goal by Michael Ryder - Wild : 3 - Stars : 1.
19:08 of 3rd period - John Mitchell wins face-off versus Jason Spezza in neutral zone.
19:15 of 3rd period - Barret Jackman is hit by Paul Byron and loses puck.
19:31 of 3rd period - Icing by Barret Jackman.
19:32 of 3rd period - David Backes wins face-off versus Jason Spezza in Wild zone.
Goals for this period are 1 for Wild vs 0 for Stars.
Shots for this period are 5 for Wild vs 13 for Stars.